 Dungeon Crawl Stone Soup version 0.31-a0-408-gb642c7f9a3 (webtiles) character file.

Game seed: 8904013932918516742

1479 Gelion the Changeling (level 8, -4/44 HPs)
             Began as an Octopode Shapeshifter on July 29, 2023.
             Was an Initiate of Gozag.
             Slain by a yak (16 damage)
             ... on level 6 of the Dungeon.
             The game lasted 00:11:22 (5415 turns).

Gelion the Changeling (Octopode Shapeshifter)       Turns: 5415, Time: 00:11:23

Health: -4/44      AC:  1    Str: 14    XL:     8   Next: 79%
Magic:  8/8        EV: 13    Int: 10    God:    Gozag
Gold:   368        SH:  0    Dex: 15    Spells: 7/7 levels left

rFire   . . .        k - melded +3 dagger
rCold   . . .        (shield currently unavailable)
rNeg    . . .        (helmet restricted)
rPois   .            (no amulet)
rElec   .            (no ring)
rCorr   .            (no ring)
SInv    .            (no ring)
Will    .....        (no ring)
Stlth   ++           (no ring)
HPRegen 0.27/turn    (no ring)
MPRegen 0.11/turn    (no ring)
                     (no ring)

%: no passive effects
@: blade tentacles, gold aura
A: reduced hp, almost no armour, amphibious, 8 rings, camouflage 1, gelatinous
body 1, (nimble swimmer 1), tentacles
a: Begin Untransformation, Renounce Religion, Potion Petition, Call Merchant,
Bribe Branch


You were on level 6 of the Dungeon.
You worshipped Gozag.
Gozag was aware of your devotion.
You had blades for main tentacles.
You visited 2 branches of the dungeon, and saw 8 of its levels.
You also visited: Sewer.

You collected 565 gold pieces.
You spent 26 gold pieces at shops.
You paid 171 gold pieces to Gozag.

Inventory:

Hand Weapons
 k - a +3 dagger (melded)
Jewellery
 m - a ring of willpower
Talismans
 b - a beast talisman
 c - a blade talisman
Wands
 e - a wand of mindburst (13)
 t - a wand of flame (1)
Scrolls
 j - a scroll of silence
 n - 2 scrolls of enchant weapon
 p - a scroll of teleportation
 q - a scroll of revelation
 r - a scroll of fear
 v - a scroll of enchant armour
 w - a scroll of identify
 x - a scroll of blinking
Potions
 a - 2 potions of lignification
 d - 4 potions of attraction
 f - a potion of cancellation
 g - a potion of heal wounds
 h - 2 potions of degeneration {unknown}
 i - 3 potions of brilliance
 l - 4 potions of enlightenment
 o - 3 potions of curing
 s - a potion of might {unknown}
 u - a potion of berserk rage {unknown}


   Skills:
 + Level 5.2 Fighting
 - Level 2.0 Dodging
 + Level 6.1 Unarmed Combat
 * Level 7.0 Shapeshifting


You had 7 spell levels left.
You didn't know any spells.
Your spell library contained the following spells:

 Spells                   Type           Power      Damage    Failure   Level
 Static Discharge         Conj/Air       0%         2-2/arc   87%         2
 Airstrike                Air            0%         2d(0-16)  100%        4
 Summon Lightning Spire   Summ/Air       0%         N/A       100%        4


Dungeon Overview and Level Annotations

Branches:
Dungeon (7/15)             Temple (1/1) D:4           Sewer (visited)

Altars:
Ashenzari
Cheibriados
Dithmenos
Fedhas
Gozag
Kikubaaqudgha
Makhleb
Nemelex Xobeh
Qazlal
Ru
Sif Muna
Trog
Uskayaw
Vehumet
Wu Jian
Xom
Yredelemnul
Zin
The Shining One

Shops:
D:1 (   D:5 [**[[

Annotations:
D:7 2 transporters


Innate Abilities, Weirdness & Mutations

You have blades for main tentacles.
Your maximum health is decreased, since you lack skill for your form.
Your spellcasting is less reliable in this form.
You are incapable of wielding weapons or throwing items.
You cannot wear most types of armour.
You are amphibious.
You can wear up to eight rings at the same time.
Your skin changes colour to match your surroundings (Stealth+).
Your rubbery body absorbs attacks. (AC +1, EV +1)
((You are camouflaged when in or above water. (Stealth+)))
You have tentacles for arms and can constrict up to eight enemies at once.


Message History

There is a stone staircase leading up here. 2 yaks come into view.
A yak comes into view.
The yak bellows! x2; You hear a shout!
The yak attacks as you move away! The yak barely misses you.
The yak attacks as you move away! The yak gores you.
You completely miss the yak. The yak closely misses you.
You slice the yak!! Your squeeze misses the yak.
The yak is severely wounded.
The yak gores you but does no damage.
You barely miss the yak.
The yak is severely wounded.
The yak closely misses you.
You slash the yak! Your squeeze misses the yak.
The yak is almost dead.
The yak gores you!
You hit the yak. You squeeze the yak.
You kill the yak!
Your Unarmed Combat skill increases to level 6!
Your Shapeshifting skill increases to level 7!
You hit the yak.
The yak is lightly wounded.
You barely miss the yak. You slash the yak. You squeeze the yak.
The yak is lightly wounded.
The yak gores you but does no damage.
You barely miss the yak. You squeeze the yak!
The yak is heavily wounded.
The yak misses you.
You slash the yak!
The yak is severely wounded.
The yak gores you!
You completely miss the yak. You squeeze the yak, but do no damage.
The yak is severely wounded.
The yak gores you.
* * * LOW HITPOINT WARNING * * *
You barely miss the yak.
The yak is severely wounded.
The yak gores you!
You die...
Your body crumbles into a pile of gold.

...... $ ...... $ ......
...... ...... ###...
#### ...# ####### #
##.##### #@#... ...
.......# #Y#.#.Y..#
##.#.#.#
#######.........
#.#+#+###.......#...##.#
#.......#.......#####
#.......#.......#
##......#.......#
#......#######.###
####+#.............#


You could see a yak.

Vanquished Creatures
  A yak (D:6)
  Menkaure (D:4)
  2 ogres (D:6)
  A centaur (D:4)
  2 kobold brigands (Sewer)
  A scorpion (D:5)
  3 wights (D:6)
  2 howler monkeys (D:6)
  A crimson imp (D:6)
  2 hounds (D:4)
  2 jellies
  An orc priest (D:4)
  Crazy Yiuf (D:4)
  A gnoll bouda (D:4)
  2 iguanas (D:6)
  3 gnolls (D:4)
  7 adders
  7 river rats
  A white imp (D:4)
  2 ufetubi
  4 worms
  2 dart slugs
  4 orcs
  2 bats (D:2)
  6 endoplasms
  5 goblins
  10 hobgoblins
  2 jackals (Sewer)
  9 kobolds
  4 quokkas
  6 ball pythons
  4 frilled lizards
  7 rats
108 creatures vanquished.

Notes
Turn   | Place    | Note
-------+----------+-------------------------------------------
     0 | D:1      | Gelion the Octopode Shapeshifter began the quest for the
                  | Orb.
     0 | D:1      | Reached XP level 1. HP: 13/13 MP: 1/1
   514 | D:1      | Found Qoys's Antique Weapon Shoppe.
   578 | D:1      | Reached XP level 2. HP: 18/18 MP: 2/2
  1202 | D:2      | Reached XP level 3. HP: 17/23 MP: 3/3
  1991 | D:2      | Found a faded altar of an unknown god.
  2086 | D:3      | Reached XP level 4. HP: 5/29 MP: 4/4
  2159 | D:3      | Found a shadowy altar of Dithmenos.
  2311 | D:3      | Found a sacrificial altar of Ru.
  2605 | D:4      | You fall into a shaft and drop 3 floors!
  2611 | D:7      | Noticed a kobold demonologist
  2611 | D:7      | Noticed a kobold demonologist
  2615 | D:7      | Found a transporter.
  2619 | D:7      | Found a transporter.
  2671 | D:6      | Noticed a black bear
  2700 | D:6      | Noticed an ogre
  2705 | D:6      | Killed an ogre
  2706 | D:6      | Reached skill level 4 in Shapeshifting
  2706 | D:6      | Reached XP level 5. HP: 18/35 MP: 5/5
  2782 | D:5      | Entered Level 5 of the Dungeon
  2844 | D:5      | Found Lagentaph's Armour Shop.
  2935 | D:5      | Reached XP level 6. HP: 15/41 MP: 6/6
  3028 | D:5      | Found a glowing drain.
  3036 | Sewer    | Entered a sewer
  3115 | Sewer    | Reached skill level 5 in Shapeshifting
  3125 | Sewer    | Reached XP level 7. HP: 8/46 MP: 7/7
  3219 | Sewer    | Found a white marble altar of Elyvilon.
  3274 | D:5      | Found Heino's Assorted Antiques.
  3304 | D:4      | Found a sparkling altar of Nemelex Xobeh.
  3508 | D:4      | Found a staircase to the Ecumenical Temple.
  3515 | D:4      | Found a blossoming altar of Fedhas.
  3521 | Temple   | Entered the Ecumenical Temple
  3548 | Temple   | Became a worshipper of Gozag Ym Sagoz the Greedy
  3569 | D:4      | HP: 1/30 [poisoned by an adder]
  3672 | D:4      | Noticed Menkaure
  3674 | D:4      | Killed Menkaure
  3675 | D:4      | Reached skill level 5 in Unarmed Combat
  3768 | D:4      | Reached XP level 8. HP: 37/54 MP: 8/8
  3800 | D:4      | Reached skill level 6 in Shapeshifting
  4092 | D:4      | Found a runed translucent door.
  4093 | D:4      | Noticed Crazy Yiuf
  4213 | D:4      | Killed Crazy Yiuf
  4539 | D:5      | Found Wuyrikut's Antique Armour Boutique.
  4552 | D:5      | Found Cibb's Armour Boutique.
  4755 | D:5      | Found Usoer's General Store.
  4763 | D:5      | Bought a scroll of identify for 26 gold pieces
  4989 | D:6      | Found a radiant altar of Vehumet.
  4989 | D:6      | Found a burning altar of Makhleb.
  5372 | D:6      | Reached skill level 5 in Fighting
  5401 | D:6      | Noticed a yak
  5401 | D:6      | Noticed a yak
  5402 | D:6      | Noticed a yak
  5409 | D:6      | Killed a yak
  5410 | D:6      | Reached skill level 7 in Shapeshifting
  5415 | D:6      | Slain by a yak

Illustrated notes

Levels and vault maps discovered:
D:1:      giann_wishing_wells, layout_basic, serial_shops, shop
D:2:      layout_loops_ring, shapermc_ecumenical_altar_hornbeckon,
          minmay_misc_feat_x
D:3:      layout_rooms, overflow_temple_1_default, general_overflow_altar
D:4:      minmay_general_purpose_star, layout_rooms, lemuel_doored_altar,
          amcnicky_altar_gilded, minmay_temple_entry_hall, serial_bayou_ford_a,
          uniq_menkaure, uniq_crazy_yiuf_cottage
D:5:      layout_basic, lightli_sewer_entry_pipes, serial_shops, shop,
          nicolae_stop_n_shop_1, nicolae_shop_overgrown_old_shop,
          nicolae_lakefront_shop, shop
D:6:      layout_basic, grunt_temple_overflow_lords_of_destruction,
          serial_bayou_lagoon_a, minmay_ogre_servants
D:7:      gammafunk_wand_slinger, layout_loops_corners,
          mainiacjoe_overflow_concentric_impassable, serial_shops, shop,
          dk_noncrumbling_3
Temple:   compressed_dpeg_triangle_lava_temple

Skill      XL: |  1  2  3  4  5  6  7  8 |
---------------+-------------------------+-----
Fighting       | 2 3 4 5 |  5.2
Unarmed Combat | 4 5 6 |  6.1
Shapeshifting  | 4 5 7 |  7.0
Dodging        | |  2.0

Action                     |  1- 3 |  4- 6 |  7- 9 || total
---------------------------+-------+-------+-------++-------
  Melee: Unarmed           |    20 |    61 |    78 ||   159
         Constrict         |    19 |    11 |    15 ||    45
         Dagger            |    46 |       |       ||    46
         Tentacles         |    13 |    10 |    16 ||    39
         Punch             |     5 |     2 |     7 ||    14
    Use: Scroll            |     4 |     6 |     7 ||    17
         Potion            |       |       |     1 ||     1
   Stab: Sleeping          |     9 |     7 |     4 ||    20
 Armour: Skin              |     7 |     1 |     4 ||    12
  Dodge: Dodged            |    30 |    24 |    37 ||    91
   Form: Blade             |     1 |       |       ||     1

Table legend: (Time is in decaauts)
 A = Elapsed time spent in this place.
 B = Non-inter-level travel time spent in this place.
 C = Inter-level travel time spent in this place.
 D = Time resting spent in this place.
 E = Time spent auto-exploring this place.
 F = Levels seen in this place.
 G = Mean time per level.
                   A        B        C        D        E       F      G
               +--------+--------+--------+--------+--------+-----+--------+
         Total |   5385 |   4917 |    468 |    136 |   3967 |   9 |  598.3 |
       Dungeon |   5124 |   4697 |    427 |    136 |   3817 |   7 |  732.0 |
        Temple |     43 |      2 |     41 |      0 |      0 |   1 |   43.0 |
         Sewer |    217 |    217 |      0 |      0 |    150 |   1 |  217.0 |
               +--------+--------+--------+--------+--------+-----+--------+

Top non-repeatable levels by time:
     D:1: 1147 daAuts
     D:4: 1108 daAuts
     D:2: 915 daAuts
     D:5: 723 daAuts
     D:6: 700 daAuts
     D:3: 493 daAuts
   Sewer: 217 daAuts
  Temple: 43 daAuts
     D:7: 35 daAuts
